 Dungeon Crawl Stone Soup version 0.20-a0-830-g2c9a30d (webtiles) character file.

3 4thArraOfDagon the Charmwright (level 1, 0/7 HPs)
             Began as a Felid Wanderer on Mar 6, 2017.
             Slain by a goblin (3 damage)
             ... on level 3 of the Dungeon.
             The game lasted 00:01:10 (116 turns).

4thArraOfDagon the Charmwright (Felid Wanderer)      Turns: 116, Time: 00:01:11

Health: 0/7        AC:  1    Str:  4 (6)  XL:     1   Next: 41%
Magic:  2/5        EV: 15    Int: 13 (15) God:
Gold:   24         SH:  0    Dex: 12 (15) Spells: 5/6 levels left
                                        Lives:  0   Deaths: 0

rFire    . . .     SeeInvis +   (weapon unavailable)
rCold    . . .     Gourm    .   (armour unavailable)
rNeg     . . .     Faith    .   (shield unavailable)
rPois    .         Spirit   .   (helmet unavailable)
rElec    .         Reflect  .   (cloak unavailable)
rCorr    .         Harm     .   (gloves unavailable)
MR       .....                  (boots unavailable)
Stlth    ++........             (no amulet)
Regen    0.1/turn               (no ring)
MPRegen  0.1/turn               (no ring)

@: quick
A: no armour, no weapons or thrown items, stealth, claws 1, fangs 3, see
invisible, carnivore 3, speed 1, shaggy fur 1, slow metabolism 1, sharp paws
a: no special abilities


You were on level 3 of the Dungeon.
You were not hungry.

You visited 1 branch of the dungeon, and saw 3 of its levels.

You collected 24 gold pieces.

Inventory:

Books
 a - a book of Minor Magic

   Spells                             Type                      Level
   a - Magic Dart                     Conjuration                  1
   b - Blink                          Translocation                2
   c - Call Imp                       Summoning                    2
   d - Slow                           Hexes                        2
   e - Conjure Flame                  Conjuration/Fire             3
   f - Mephitic Cloud                 Conjuration/Poison/Air       3
Comestibles
 b - 2 meat rations


   Skills:
 + Level 0.6 Dodging
 - Level 1.3 Stealth
 * Level 0.6 Unarmed Combat
 - Level 3.0 Spellcasting
   Level 1.5 Hexes
   Level 3.6 Charms
   Level 1.0 Necromancy
   Level 1.1 Evocations


You had 5 spell levels left.
You knew the following spells:

 Your Spells              Type           Power        Failure   Level  Hunger
a - Magic Dart            Conj           #...         24%         1    #......


Dungeon Overview and Level Annotations

Branches:
Dungeon (3/15)

Altars:
Gozag


Innate Abilities, Weirdness & Mutations

You cannot wear armour.
You are incapable of wielding weapons or throwing items.
Your paws allow you to move quietly. (Stealth)
You have sharp claws.
You have razor-sharp teeth.
You have supernaturally acute eyesight. (SInv)
You are carnivorous and can eat meat at any time.
You cover ground quickly.
You are covered in fur. (AC +1)
You have a slow metabolism.
Your sharp claws are effective at attacking unaware monsters.


Message History

The service fee for joining is currently 49 gold; you only have 24.
You see here 2 gold pieces.
Found a ring mail.
Unknown command.
A goblin comes into view.
You see here a ring mail.
A giant cockroach and a kobold come into view.
The kobold shouts!
The goblin shouts!
You see here a ring mail.
Unknown command.
Unknown command.
Unknown command.
It was a potion of degeneration.
There was something very wrong with that liquid.
You feel weakened.
You feel dopey.
You feel clumsy. The goblin misses you.
An adder comes into view.
The goblin hits you.
You die...

.. ....### #.#b...
.....##### #.#....
.S....... #
.....####.......###
.. .l.....#.#.......
...##..............#
..............#....#
#.........#.#....#
..#...<.....#.#.@g.#
...........l#...l..#
............###[####
....#....$$$# #.#
..#!#.>..$_$#
#.....# . .
###.#$$$# #####.Ks.
. #.#.### .. ..
..#.. #######


You could see an adder (wandering), a goblin and a frilled lizard.

Vanquished Creatures
  A kobold (D:2)
  2 bats (D:2)
  A rat (D:1)
4 creatures vanquished.

Notes
Turn   | Place    | Note
-------+----------+-------------------------------------------
     0 | D:1      | 4thArraOfDagon the Felid Wanderer began the quest for the Orb.
     0 | D:1      | 4thArraOfDagon set off with: a book of Minor Magic, a meat ration
     0 | D:1      | Reached XP level 1. HP: 7/7 MP: 5/5
     9 | D:1      | Learned a level 1 spell: Magic Dart
    96 | D:3      | Found an opulent altar of Gozag.
   116 | D:3      | Slain by a goblin

Vault maps used:
D:1:      lightli_arrival_boilingwater
D:2:      nicolae_ru_path_of_blood, kiku_gazebo_garden_becter,
          overflow_temple_1_default, first_bread
D:3:      chequers_temple_overflow_minitemple, gammafunk_temple_overflow_statue,
          marbit_many_paths, nicolae_gozag_seed_capital, portal_sewer_entry_c

Action                   || total
-------------------------++-------
Melee: Unarmed           ||     8
 Cast: Magic Dart        ||     7
  Use: Potion            ||     1
Armor: Skin              ||     5
Dodge: Dodged            ||    28
